 Dungeon Crawl Stone Soup version 0.27.1-1-g398f81649c (webtiles) character file.

Game seed: 1499073625328063835

1505 MisterFreud the Thaumaturge (level 8, 0/59 HPs)
             Began as a Gnoll Wanderer on Sept 20, 2021.
             Was a Priest of Jiyva.
             Slain by a sky beast (6 damage)
             ... on level 6 of the Dungeon.
             The game lasted 00:16:24 (8705 turns).

MisterFreud the Thaumaturge (Gnoll Wanderer)        Turns: 8705, Time: 00:16:25

Health: 0/59       AC:  3    Str: 10    XL:     8   Next: 82%
Magic:  0/20       EV: 13    Int: 14    God:    Jiyva [***...]
Gold:   53         SH:  0    Dex: 13    Spells: 13/23 levels left

rFire    + . .     SeeInvis .   r - +0 dagger (holy)
rCold    . . .     Faith    .   (no shield)
rNeg     . . .     Spirit   .   b - +0 robe
rPois    .         Reflect  .   (no helmet)
rElec    .         Harm     .   (no cloak)
rCorr    +         Rampage  .   c - +0 pair of gloves
Will     .....                  (no boots)
Stlth    ++........             (no amulet)
HPRegen  0.19/turn              (no ring)
MPRegen  0.17/turn              (no ring)

@: freezing walls, very slightly contaminated
A: fangs 1, strong nose, distributed training, fire resistance 1
a: Renounce Religion, Request Jelly


You were on level 6 of the Dungeon.
You worshipped Jiyva.
Jiyva was most pleased with you.
You visited 1 branch of the dungeon, and saw 6 of its levels.

You collected 72 gold pieces.
You spent 19 gold pieces at shops.

Inventory:

Hand Weapons
 a - a +0 club
 g - a +0 short sword
 n - a +0 dagger of venom
 r - a +0 dagger of holy wrath (weapon)
Missiles
 e - 3 curare-tipped darts (quivered)
 i - 23 sling bullets
 q - 7 poisoned darts
Armour
 b - a +0 robe (worn)
 c - a +0 pair of gloves (worn)
Wands
 h - a wand of flame (12)
Scrolls
 j - a scroll of vulnerability {unknown}
 k - a scroll of fog {unknown}
 o - a scroll of identify
Potions
 f - a potion of heal wounds
 l - 2 potions of ambrosia {unknown}
 m - a potion of flight {unknown}
Miscellaneous
 p - a piece from Xom's chessboard (15/15)


   Skills:
 + Level 3.6 Fighting
 + Level 3.6 Short Blades
 + Level 3.6 Long Blades
 + Level 3.6 Axes
 + Level 3.6 Maces & Flails
 + Level 3.6 Polearms
 + Level 3.6 Staves
 + Level 3.6 Slings
 + Level 3.6 Bows
 + Level 3.6 Crossbows
 + Level 5.9 Throwing
 + Level 3.6 Armour
 + Level 3.6 Dodging
 + Level 3.6 Stealth
 + Level 3.6 Shields
 + Level 3.6 Unarmed Combat
 + Level 8.1 Spellcasting
 + Level 2.9 Conjurations
 + Level 2.9 Hexes
 + Level 2.9 Summonings
 + Level 4.8 Necromancy
 + Level 2.9 Translocations
 + Level 2.9 Transmutations
 + Level 2.9 Fire Magic
 + Level 2.9 Ice Magic
 + Level 2.9 Air Magic
 + Level 2.9 Earth Magic
 + Level 6.2 Poison Magic
 + Level 4.0 Invocations
 + Level 3.6 Evocations


You had 13 spell levels left.
You knew the following spells:

 Your Spells              Type           Power      Damage    Failure   Level
a - Poisonous Vapours     Pois/Air       36%        N/A       3%          2
b - Pain                  Necr           76%        1d7       1%          1
c - Vampiric Draining     Necr           9%         2d7       4%          3
d - Freeze                Ice            56%        1d7       3%          1
e - Frozen Ramparts       Ice            28%        1d4       11%         3

Your spell library contained the following spells:

 Spells                   Type           Power      Damage    Failure   Level
 Animate Skeleton         Necr           38%        N/A       1%          1
 Static Discharge         Conj/Air       14%        N/A       5%          2
 Animate Dead             Necr           9%         N/A       17%         4
 Agony                    Necr           19%        N/A       43%         5


Dungeon Overview and Level Annotations

Branches:
Dungeon (6/15)             Temple (0/1) D:5

Altars:
Ashenzari
Dithmenos
Elyvilon
Qazlal
Trog
Wu Jian
Xom
Jiyva

Shops:
D:3 !**[

Annotations:
D:4 1 runed translucent door, Nanban's ghost, amateur DsMo
D:5 2 runed translucent doors


Innate Abilities, Weirdness & Mutations

You have very sharp teeth.
Your uncanny sense of smell can sniff out nearby items.
Your experience applies equally to all skills.
Your flesh is heat resistant. (rF+)


Message History

The floor.
Okay, then.
Unknown command.
Unknown command.
Unknown command.
Unknown command.
Unknown command.
As you read the scroll of teleportation, it crumbles to dust.
You feel strangely unstable. The centaur zombie barely misses you.
The centaur zombie kicks you but does no damage.
The centaur zombie barely misses you.
The centaur zombie kicks you but does no damage.
The centaur zombie hits you.
* * * LOW HITPOINT WARNING * * *
The centaur zombie kicks you.
* * * LOW HITPOINT WARNING * * *
As you open the door, it creaks loudly!
Your surroundings suddenly seem different.
An ice beast and a sky beast come into view.
Found an encrusted copper wand and 14 gold pieces.
Casting: Vampiric Draining (dangerous; 4% risk of failure)
Confirm with . or Enter, or press ? or * to list all spells.
Casting: Frozen Ramparts (dangerous; 11% risk of failure)
Press: ? - help, Dir - look around, f - activate You miscast Frozen Ramparts.
You are very lightly contaminated with residual magic.
Nothing appears to happen.
Unknown command.
Unknown command.
Casting: Frozen Ramparts (dangerous; 11% risk of failure)
Confirm with . or Enter, or press ? or * to list all spells.
Casting: Frozen Ramparts (dangerous; 11% risk of failure)
Press: ? - help, Dir - look around, f - activate The walls around you are covered in ice.
The wall freezes the sky beast.
The sky beast flickers out of sight!
Deactivating autopickup; reactivate with Ctrl-A.
Something hits you.
* * * LOW HITPOINT WARNING * * *
Something shocks you.
You die...

.. #......$#
.. .......# .
.......#
......#
......##.
#........ ∆
######........
#...@#...Y....
#...{#........
#.........../.
#....#........
#....#........
######........
#........
#########


There were no monsters in sight!

Vanquished Creatures
  A troll (D:6)
  Duvessa (D:5)
  A necrophage (D:5)
  3 ogres
  2 kobold brigands
  A bullfrog (D:6)
  A gnoll sergeant (D:5)
  Dowan (D:5)
  3 scorpions
  A killer bee (D:5)
  2 orc priests (D:5)
  2 hounds
  A scorpion zombie (D:5)
  Jessica (D:2)
  4 adders
  2 gnolls (D:5)
  3 worms
  3 dart slugs
  7 orcs
  9 ball pythons
  2 endoplasms (D:1)
  3 giant cockroaches
  5 goblins
  4 hobgoblins
  4 jackals (D:1)
  2 quokkas
  3 bats
  3 frilled lizards
  8 kobolds
  A rat (D:1)
84 creatures vanquished.

Vanquished Creatures (others)
  2 ogres
  A black bear (D:4)
  9 jellies
  A bullfrog skeleton (D:5)
  An iguana (D:5)
  A hound skeleton (D:4)
  A hound zombie (D:5)
  2 adders
  2 gnolls (D:5)
  4 worms
  A dart slug (D:3)
  2 endoplasms (D:2)
  A giant cockroach (D:4)
  A goblin (D:2)
  3 hobgoblins
  A quokka (D:5)
  A ball python (D:3)
  2 kobolds (D:2)
  A rat (D:2)
  A butterfly (D:6)
  3 plants (D:1)
  2 withered plants (D:4)
43 creatures vanquished.

Grand Total: 127 creatures vanquished

Notes
Turn   | Place    | Note
-------+----------+-------------------------------------------
     0 | D:1      | MisterFreud the Gnoll Wanderer began the quest for the Orb.
     0 | D:1      | MisterFreud set off with the following items: a +0 club, a
                  | +0 robe; and the following spells available to memorise:
                  | Animate Skeleton, Pain, Poisonous Vapours, Vampiric
                  | Draining, Freeze, Static Discharge, Animate Dead, Frozen
                  | Ramparts, Agony
     0 | D:1      | Reached XP level 1. HP: 13/13 MP: 8/8
   558 | D:1      | Reached XP level 2. HP: 13/19 MP: 10/10
   645 | D:1      | Learned a level 2 spell: Poisonous Vapours
   647 | D:1      | Learned a level 1 spell: Pain
  1510 | D:1      | Found a faded altar of an unknown god.
  1517 | D:1      | Became a worshipper of Jiyva Jeesul the Shapeless
  1517 | D:1      | Reached * piety under Jiyva
  1585 | D:1      | Reached XP level 3. HP: 18/25 MP: 8/11
  1773 | D:2      | Found a stormy altar of Qazlal.
  1774 | D:2      | Noticed Jessica
  1783 | D:2      | Killed Jessica
  1784 | D:2      | Reached skill level 1 in Fighting
  1784 | D:2      | Reached skill level 1 in Short Blades
  1784 | D:2      | Reached skill level 1 in Long Blades
  1784 | D:2      | Reached skill level 1 in Axes
  1784 | D:2      | Reached skill level 1 in Maces & Flails
  1784 | D:2      | Reached skill level 1 in Polearms
  1784 | D:2      | Reached skill level 1 in Staves
  1784 | D:2      | Reached skill level 1 in Slings
  1784 | D:2      | Reached skill level 1 in Bows
  1784 | D:2      | Reached skill level 1 in Crossbows
  1784 | D:2      | Reached skill level 1 in Armour
  1784 | D:2      | Reached skill level 1 in Dodging
  1784 | D:2      | Reached skill level 1 in Stealth
  1784 | D:2      | Reached skill level 1 in Shields
  1784 | D:2      | Reached skill level 1 in Unarmed Combat
  1784 | D:2      | Reached skill level 1 in Invocations
  1784 | D:2      | Reached skill level 1 in Evocations
  2344 | D:2      | Reached XP level 4. HP: 31/32 MP: 11/13
  2366 | D:2      | Learned a level 3 spell: Vampiric Draining
  3093 | D:3      | Found an ornate altar of the Wu Jian Council.
  3124 | D:3      | Found Cutit's Assorted Antiques.
  3142 | D:3      | Reached ** piety under Jiyva
  3167 | D:3      | Bought a white potion for 19 gold pieces
  3406 | D:3      | Found Teykh's Antique Armour Shoppe.
  3415 | D:3      | Reached skill level 1 in Conjurations
  3415 | D:3      | Reached skill level 1 in Hexes
  3415 | D:3      | Reached skill level 1 in Summonings
  3415 | D:3      | Reached skill level 1 in Translocations
  3415 | D:3      | Reached skill level 1 in Transmutations
  3415 | D:3      | Reached skill level 1 in Fire Magic
  3415 | D:3      | Reached skill level 1 in Ice Magic
  3415 | D:3      | Reached skill level 1 in Air Magic
  3415 | D:3      | Reached skill level 1 in Earth Magic
  4104 | D:3      | Found Ribanaapp's Distillery.
  4131 | D:3      | Found Qidosch's Assorted Antiques.
  4350 | D:4      | Noticed a scorpion
  4356 | D:4      | Killed a scorpion
  4357 | D:4      | Reached XP level 5. HP: 22/37 MP: 8/14
  4506 | D:4      | Noticed an ogre
  4509 | D:4      | Noticed an ogre
  4514 | D:3      | Killed an ogre
  4515 | D:3      | Reached XP level 6. HP: 42/44 MP: 5/16
  4603 | D:4      | Reached skill level 5 in Throwing
  5143 | D:4      | Noticed a black bear
  5154 | D:4      | Killed a black bear
  5155 | D:4      | Reached XP level 7. HP: 34/50 MP: 10/18
  5376 | D:4      | Found a runed translucent door.
  5377 | D:4      | Noticed Nanban's ghost (amateur DsMo)
  5731 | D:5      | Entered Level 5 of the Dungeon
  5778 | D:5      | Found a staircase to the Ecumenical Temple.
  5786 | D:5      | Found a large runed translucent door.
  5793 | D:5      | Found a large runed translucent door.
  5948 | D:5      | Noticed Dowan
  6024 | D:5      | Found a bloodstained altar of Trog.
  6312 | D:5      | Found a broken altar of Ashenzari.
  6565 | D:5      | Learned a level 1 spell: Freeze
  6569 | D:5      | Learned a level 3 spell: Frozen Ramparts
  6652 | D:5      | Noticed Duvessa
  6661 | D:5      | Killed Duvessa
  6677 | D:5      | Killed Dowan
  6846 | D:5      | Reached XP level 8. HP: 32/57 MP: 19/19
  7851 | D:5      | Found a shadowy altar of Dithmenos.
  7851 | D:5      | Found a white marble altar of Elyvilon.
  7984 | D:5      | Reached *** piety under Jiyva
  8462 | D:6      | Found a shimmering altar of Xom.
  8489 | D:6      | Reached skill level 8 in Spellcasting
  8580 | D:6      | Gained mutation: Your flesh is heat resistant. (rF+)
                  | [Jiyva's grace]
  8675 | D:6      | Noticed a troll
  8686 | D:6      | Killed a troll
  8705 | D:6      | Slain by a sky beast

Illustrated notes

Levels and vault maps discovered:
D:1:      dpeg_arrival_tiny_f, layout_loops_ring,
          dilly_ecumenical_altar_fadedgnrine, minmay_tree_intersection,
          dk_noncrumbling_4
D:2:      layout_rooms, basic_altar, kennysheep_generic_room_10, uniq_jessica
D:3:      layout_basic, lemuel_crystal_altar, serial_shops,
          nicolae_shop_window_shopping, nicolae_shop_crystal, shop, shop
D:4:      layout_loops_cross, gammafunk_ghost_grave
D:5:      layout_basic, gammafunk_temple_overflow_wave, jmf_multi_god_temple2,
          mainiacjoe_overflow_swirl, minmay_temple_entry_arrows,
          minmay_chambers_of_fives, uniq_duvessa
D:6:      layout_rooms, xom_butterflies, mainiacjoe_overflow_six_doors_small,
          chequers_serial_rivers_small_a, kennysheep_pointless_box

Skill      XL: |  1  2  3  4  5  6  7  8 |
---------------+-------------------------+-----
Fighting       | 1 2 3 |  3.6
Short Blades   | 1 2 3 |  3.6
Long Blades    | 1 2 3 |  3.6
Axes           | 1 2 3 |  3.6
Maces & Flails | 1 2 3 |  3.6
Polearms       | 1 2 3 |  3.6
Staves         | 1 2 3 |  3.6
Slings         | 1 2 3 |  3.6
Bows           | 1 2 3 |  3.6
Crossbows      | 1 2 3 |  3.6
Armour         | 1 2 3 |  3.6
Dodging        | 1 2 3 |  3.6
Stealth        | 1 2 3 |  3.6
Shields        | 1 2 3 |  3.6
Unarmed Combat | 1 2 3 |  3.6
Invocations    | 1 2 3 4 |  4.0
Evocations     | 1 2 3 |  3.6
Conjurations   | 1 2 |  2.9
Hexes          | 1 2 |  2.9
Summonings     | 1 2 |  2.9
Translocations | 1 2 |  2.9
Transmutations | 1 2 |  2.9
Fire Magic     | 1 2 |  2.9
Ice Magic      | 1 2 |  2.9
Air Magic      | 1 2 |  2.9
Earth Magic    | 1 2 |  2.9
Necromancy     | 4 |  4.8
Throwing       | 5 |  5.9
Poison Magic   | 6 |  6.2
Spellcasting   | 8 |  8.1

Action                   |  1- 3 |  4- 6 |  7- 9 || total
-------------------------+-------+-------+-------++-------
Melee: Club              |    37 |       |       ||    37
       Bite              |     3 |     5 |    17 ||    25
       Short sword       |     5 |    43 |    44 ||    92
       Dagger            |       |       |    84 ||    84
       Punch             |       |       |     2 ||     2
Throw: Dart              |       |       |     1 ||     1
 Cast: Pain              |    30 |    41 |     1 ||    72
       Poisonous Vapours |     8 |    12 |     4 ||    24
       Vampiric Draining |       |     7 |    26 ||    33
       Frozen Ramparts   |       |       |     8 ||     8
Evoke: Wand              |       |       |     6 ||     6
  Use: Potion            |       |     3 |       ||     3
       Scroll            |       |     2 |     1 ||     3
 Stab: Sleeping          |       |     2 |     1 ||     3
Armor: Robe              |    18 |    15 |    20 ||    53
Dodge: Dodged            |    42 |    63 |   102 ||   207
